 Dungeon Crawl Stone Soup version 0.16-a0-2296-gdce89d5 (webtiles) character file.

217 PolkaDot the Insei (level 5, 36/42 HPs)
             Began as a Demonspawn Monk on Nov 17, 2014.
             Quit the game on level 3 of the Dungeon.
             The game lasted 00:03:46 (2436 turns).

PolkaDot the Insei (Demonspawn Monk)                Turns: 2436, Time: 00:03:47

Health: 36/42      AC:  6    Str: 16    XL:     5   Next: 62%
Magic:  5/5        EV: 13    Int: 12    God:
Gold:   94         SH:  0    Dex: 15    Spells: 0 memorised, 4 levels left

rFire  . . .     SeeInvis .       - Unarmed
rCold  . . .     Clarity  .     a - +0 robe
rNeg   . . .     SustAb   .     (no shield)
rPois  .         Gourm    .     (helmet restricted)
rElec  .         Spirit   .     (no cloak)
rCorr  .         Warding  .     (no gloves)
rMut   .         Stasis   .     (no boots)
MR     .....                    (no amulet)
Stlth  ++........               (no ring)
                                (no ring)

@: mighty, not resistant to hostile enchantments, unstealthy
A: horns 1, rough black scales 1, powered by pain 2
a: no special abilities


You were on level 3 of the Dungeon.
You were not hungry.

You visited 1 branch of the dungeon, and saw 3 of its levels.

You collected 94 gold pieces.

Inventory:

Armour
 a - a +0 robe (worn)
 h - a +0 helmet
Scrolls
 c - 3 scrolls of identify {unknown}
 e - 2 scrolls of remove curse {unknown}
 f - a scroll of recharging {unknown}
 k - a scroll of fog {unknown}
Potions
 j - a potion of might
Comestibles
 b - a bread ration
 i - a meat ration
 l - 4 chunks of flesh


   Skills:
 + Level 4.3 Fighting
 - Level 2.6 Dodging
 - Level 1.7 Stealth
 * Level 5.6 Unarmed Combat


You had 4 spell levels left.
You didn't know any spells.

Dungeon Overview and Level Annotations

Branches:
Dungeon (3/15)

Altars:


Innate Abilities, Weirdness & Mutations

You have a pair of small horns on your head.
You are partially covered in rough black scales (AC +4, Dex -1).
You sometimes gain power by taking damage.


Message History

You punch Purgy!
Purgy is severely wounded.
Purgy barely misses you. Purgy claws you but does no damage.
Purgy claws you but does no damage.
You hit Purgy.
Purgy is almost dead.
Purgy misses you. Purgy completely misses you. Purgy barely misses you.
You barely miss Purgy.
Purgy is severely wounded.
Purgy bites you. Purgy claws you but does no damage. Purgy barely misses you.
You punch Purgy!
You kill Purgy!
Your Fighting skill increases to level 4!
You have reached level 5!
Your demonic ancestry asserts itself...
A pair of horns grows on your head!
Your +0 helmet falls away!
Things that are here:
a club; an orc corpse Are you sure you want to abandon this character and quit the game? (Confirm with "yes".)

###...............[.#
#..)##..#.###.....
###.>.##..#.###.....
#.....)[........##..
####......#.###.#
#.###..#.#####
#.###......... .
#......#.######....#
######...@.........#
#.#)######.....
#.#... . #.......
###.##### #.# #.# #..
#.#


There were no monsters in sight!

Vanquished Creatures
  Purgy (D:3)
  5 adders
  A worm (D:2)
  2 giant geckos
  An ooze (D:2)
  2 orcs (D:3)
  9 bats
  2 giant cockroaches
  6 hobgoblins
  3 jackals (D:3)
  14 kobolds
  A ball python (D:3)
  4 giant newts
  8 goblins
  4 quokkas
  4 rats
67 creatures vanquished.

Notes
Turn   | Place    | Note
--------------------------------------------------------------
     0 | D:1      | PolkaDot, the Demonspawn Monk, began the quest for the Orb.
     0 | D:1      | Reached XP level 1. HP: 18/18 MP: 1/1
   455 | D:1      | Gained mutation: You are partially covered in rough black scales (AC +4, Dex -1). [demonic ancestry]
   455 | D:1      | Reached XP level 2. HP: 24/24 MP: 2/2
   466 | D:1      | Reached skill level 4 in Unarmed Combat
   917 | D:2      | Gained mutation: You sometimes gain a little power by taking damage. [demonic ancestry]
   917 | D:2      | Reached XP level 3. HP: 29/29 MP: 3/3
  1772 | D:2      | Gained mutation: You sometimes gain power by taking damage. [demonic ancestry]
  1772 | D:2      | Reached XP level 4. HP: 35/35 MP: 4/4
  2012 | D:3      | Reached skill level 5 in Unarmed Combat
  2410 | D:3      | Noticed Purgy
  2432 | D:3      | Killed Purgy
  2432 | D:3      | Gained mutation: You have a pair of small horns on your head. [demonic ancestry]
  2432 | D:3      | Reached XP level 5. HP: 35/42 MP: 5/5
  2436 | D:3      | Quit the game

Action                   |  1- 3 |  4- 6 || total
-------------------------+-------+-------++-------
Melee: Unarmed           |   178 |    89 ||   267
  Use: Potion            |       |     3 ||     3
 Stab: Sleeping          |       |     2 ||     2
  Eat: Chunk             |     2 |     3 ||     5
